Map: Vaani Research Station (Void)

Players

Welmu

  • Race: Protoss Protoss
  • League: Grandmaster
  • Spawn Location: 6:00

ShoWTimE - Winner!

  • Race: Protoss Protoss
  • League: Master
  • Spawn Location: 12:00

Event: NationWars IV

VOD

Have the link to the VOD?

Description

Time

  • Played on: Jan. 2, 2017, 12:04 p.m.
  • Length: 8:53
Show
View Real Time Build Order
Export as new Build Order

Welmu Protoss 

Build Orders: Phoenix Opening 

Get SALT Encoding   

  12  0:00  Probe (Chrono Boost)  
  13  0:11  Probe (Chrono Boost)  
  14  0:18  Pylon  
  14  0:22  Probe (Chrono Boost)  
  15  0:37  Probe (Chrono Boost)  
  15  0:40  Gateway  
  16  0:47  Probe (Chrono Boost)  
  16  0:49  Assimilator  
  17  0:58  Probe (Chrono Boost), Assimilator  
  18  1:08  Probe (Chrono Boost)  
  19  1:19  Probe (Chrono Boost)  
  20  1:29  Cybernetics Core, Probe (Chrono Boost)  
  21  1:36  Pylon  
  21  1:40  Probe (Chrono Boost)  
  22  1:51  Probe (Chrono Boost), Zealot  
  25  2:04  Probe (Chrono Boost)  
  26  2:08  Warp Gate  
  26  2:09  Stargate  
  28  2:16  Mothership Core (Chrono Boost)  
  28  2:22  Stalker  
  30  2:31  Pylon  
  29  2:50  Probe (Chrono Boost), Phoenix  
  32  3:10  Probe (Chrono Boost)  
  32  3:12  Phoenix  
  35  3:22  Nexus  
  35  3:25  Probe (Chrono Boost)  
  36  3:31  Pylon  
  36  3:37  Probe (Chrono Boost)  
  36  3:39  Phoenix  
  39  3:51  Probe (Chrono Boost)  
  40  4:02  Phoenix  
  41  4:03  Probe (Chrono Boost)  
  43  4:14  Probe (Chrono Boost)  
  44  4:18  Assimilator  
  44  4:25  Probe (Chrono Boost)  
  44  4:30  Fleet Beacon  
  45  4:35  Probe (Chrono Boost)  
  45  4:36  Probe (Chrono Boost)  
  47  4:45  Phoenix  
  49  4:46  Probe x2 (Chrono Boost)  
  51  4:56  Probe (Chrono Boost)  
  51  4:57  Probe (Chrono Boost)  
  53  5:03  Assimilator  
  53  5:05  Pylon  
  54  5:07  Anion Pulse-Crystals, Probe (Chrono Boost), Phoenix  
  54  5:08  Probe (Chrono Boost)  
  57  5:19  Probe (Chrono Boost)  
  57  5:20  Probe (Chrono Boost)  
  59  5:30  Stargate  
  59  5:31  Probe (Chrono Boost)  
  59  5:32  Probe (Chrono Boost)  
  59  5:33  Pylon  
  61  5:37  Phoenix  
  61  5:40  Pylon  
  64  5:44  Probe (Chrono Boost)  
  64  5:46  Probe (Chrono Boost)  
  65  5:55  Pylon  
  65  5:56  Probe (Chrono Boost)  
  66  5:59  Phoenix  
  66  6:00  Probe (Chrono Boost)  
  69  6:06  Pylon  
  69  6:08  Pylon  
  69  6:10  Phoenix  
  71  6:20  Phoenix  
  73  6:31  Phoenix  
  74  6:42  Phoenix  
  72  6:53  Phoenix  
  64  7:04  Phoenix  
  66  7:12  Nexus  
  66  7:14  Pylon  
  66  7:15  Probe (Chrono Boost), Phoenix  
  67  7:17  Assimilator  
  67  7:19  Probe (Chrono Boost)  
  70  7:25  Phoenix  
  70  7:27  Probe (Chrono Boost)  
  73  7:31  Probe (Chrono Boost)  
  73  7:36  Phoenix  
  68  7:39  Probe (Chrono Boost)  
  68  7:43  Probe (Chrono Boost)  
  66  7:46  Stargate  
  66  7:47  Stargate  
  66  7:50  Phoenix  
  67  7:51  Probe (Chrono Boost)  
  67  7:55  Pylon  
  67  7:56  Probe (Chrono Boost)  
  67  7:57  Pylon  
  68  7:58  Pylon, Phoenix  
  68  7:59  Pylon  
  68  8:03  Probe (Chrono Boost)  
  68  8:04  Pylon  
  70  8:08  Probe (Chrono Boost)  
  69  8:15  Probe (Chrono Boost)  
  66  8:20  Probe (Chrono Boost)  
  62  8:28  Probe (Chrono Boost), Twilight Council  
  62  8:32  Probe (Chrono Boost)  
  55  8:40  Probe (Chrono Boost)  
  54  8:42  Probe (Chrono Boost)  
Show
View Real Time Build Order
Export as new Build Order

ShoWTimE Protoss - Winner!

Build Orders: Phoenix Opening 

Get SALT Encoding   

  12  0:01  Probe (Chrono Boost)  
  13  0:11  Probe (Chrono Boost)  
  14  0:19  Pylon  
  14  0:23  Probe (Chrono Boost)  
  15  0:37  Probe (Chrono Boost)  
  15  0:40  Gateway  
  16  0:47  Probe (Chrono Boost)  
  17  0:51  Pylon  
  17  0:58  Probe (Chrono Boost)  
  17  1:01  Assimilator  
  18  1:09  Probe (Chrono Boost)  
  18  1:10  Assimilator  
  19  1:19  Probe (Chrono Boost)  
  20  1:27  Cybernetics Core  
  20  1:30  Probe (Chrono Boost)  
  21  1:41  Probe (Chrono Boost)  
  21  1:43  Zealot  
  21  1:44  Pylon  
  24  1:53  Probe (Chrono Boost)  
  25  1:57  Pylon  
  25  2:05  Mothership Core (Chrono Boost)  
  25  2:07  Warp Gate  
  27  2:22  Cybernetics Core  
  27  2:24  Probe (Chrono Boost)  
  28  2:30  Stargate  
  28  2:37  Probe (Chrono Boost)  
  29  2:51  Probe (Chrono Boost)  
  29  3:02  Nexus  
  29  3:07  Probe (Chrono Boost)  
  29  3:12  Phoenix  
  32  3:23  Probe (Chrono Boost)  
  34  3:34  Phoenix  
  34  3:35  Probe (Chrono Boost)  
  36  3:47  Probe (Chrono Boost)  
  37  3:59  Probe (Chrono Boost), Assimilator  
  37  4:05  Phoenix  
  37  4:08  Stargate  
  39  4:16  Probe x2 (Chrono Boost)  
  41  4:27  Probe (Chrono Boost)  
  41  4:28  Probe (Chrono Boost), Assimilator  
  41  4:29  Phoenix  
  43  4:37  Probe (Chrono Boost), Pylon  
  46  4:40  Probe (Chrono Boost)  
  47  4:48  Probe (Chrono Boost)  
  47  4:49  Phoenix  
  47  4:52  Probe (Chrono Boost)  
  51  4:53  Phoenix  
  54  5:01  Probe (Chrono Boost)  
  54  5:04  Probe (Chrono Boost)  
  55  5:11  Pylon  
  55  5:13  Probe (Chrono Boost), Phoenix  
  56  5:16  Probe (Chrono Boost)  
  56  5:19  Phoenix  
  59  5:27  Probe (Chrono Boost)  
  62  5:31  Probe (Chrono Boost)  
  63  5:39  Probe (Chrono Boost)  
  63  5:41  Fleet Beacon  
  64  5:42  Phoenix  
  64  5:48  Phoenix  
  66  5:57  Pylon  
  68  6:00  Probe (Chrono Boost)  
  68  6:01  Probe (Chrono Boost)  
  70  6:09  Pylon  
  70  6:12  Pylon  
  70  6:13  Phoenix x2  
  70  6:16  Anion Pulse-Crystals  
  75  6:20  Probe (Chrono Boost)  
  75  6:22  Probe (Chrono Boost)  
  76  6:31  Pylon  
  78  6:33  Probe (Chrono Boost)  
  78  6:34  Probe (Chrono Boost)  
  78  6:38  Phoenix  
  77  6:40  Phoenix  
  77  6:45  Probe (Chrono Boost)  
  77  6:46  Probe (Chrono Boost)  
  71  6:57  Probe (Chrono Boost)  
  71  6:58  Probe (Chrono Boost)  
  71  7:01  Zealot  
  73  7:02  Phoenix  
  73  7:03  Stargate, Phoenix  
  77  7:16  Probe x2 (Chrono Boost)  
  76  7:23  Phoenix  
  76  7:28  Probe x2 (Chrono Boost), Phoenix  
  78  7:40  Probe (Chrono Boost)  
  78  7:41  Probe (Chrono Boost)  
  78  7:42  Robotics Facility  
  80  7:50  Phoenix  
  80  7:51  Nexus  
  80  7:53  Pylon  
  82  7:58  Assimilator, Phoenix  
  82  8:01  Probe x2 (Chrono Boost)  
  82  8:03  Assimilator  
  86  8:13  Phoenix  
  88  8:24  Phoenix  
  88  8:26  Probe x2 (Chrono Boost)  
  86  8:38  Probe x2 (Chrono Boost)  
Tags
 
Add a new tag
Caveats
  • Supply blocks, unpowered buildings, or Contaminate may cause inaccurate times.
  • Supply counts are checked every 10 seconds.